[Event "*** Titled Tuesday Blitz"]
[Site "Chess.com"]
[Date "2020.04.28"]
[Round "8"]
[White "GMSrinath"]
[Black "Shoytan"]
[Result "1-0"]
[WhiteElo "2747"]
[BlackElo "2598"]
[TimeControl "180+1"]
[EndTime "11:35:01 PDT"]
[Termination "GMSrinath won by resignation"]

1. Nf3 Nf6 2. c4 g6 3. b3 Bg7 4. Bb2 O-O 5. g3 d6 6. Bg2 e5 7. O-O Nc6 8. d3 Bf5 9. Nc3 Qd7 10. Nd5 Nxd5 11. cxd5 Ne7 12. Rc1 Rac8 13. Qd2 Bh3 14.
e4 Bxg2 15. Kxg2 f5 16. Ng5 Bh6 17. f4 Bxg5 18. fxg5 fxe4 19. dxe4 Qg4 20. Qe3 Rxf1 21. Rxf1 Rf8 22. h3 Qd7 23. Rxf8+ Kxf8 24. Qxa7 Qb5 25.
Qe3 Ke8 26. Kf2 c6 27. dxc6 Nxc6 28. Qd2 Ke7 29. Bc3 Qc5+ 30. Qe3 Qb5 31. h4 Qa6 32. a4 b5 33. Qd3 Qa7+ 34. Qe3 Nd4 35. Bxd4 exd4 36. Qf4 bxa4 37. Qf6+ Ke8 38. Qh8+ 1-0

[Event "*** Titled Tuesday Blitz"]
[Site "Chess.com"]
[Date "2020.04.28"]
[Round "8"]
[White "temus_galaktionov"]
[Black "GOGIEFF"]
[Result "0-1"]
[WhiteElo "2785"]
[BlackElo "3001"]
[TimeControl "180+1"]
[EndTime "11:35:02 PDT"]
[Termination "GOGIEFF won by resignation"]

1. d4 d5 2. Nf3 Nf6 3. c4 c6 4.
Qb3 e6 5. Nc3 dxc4 6. Qxc4 b5 7.
Qd3 Nbd7 8. Bg5 h6 9. Bh4 Bb7 10.
e4 b4 11. Na4 Qa5 12. b3 c5 13.
e5 Nd5 14. Qb5 Qc7 15. Rc1 Bc6 16. Qa6 Bxa4 17. Qxa4 Nc3 18. Qa6 cxd4 19. Bb5 Bc5 20. O-O O-O 21. Rfe1 Nb8 22. Qa4 Nxa4 23. Bxa4 g5 24.
Bg3 Qe7 25. Rc4 Na6 26. Nxd4 Bxd4 27. Rxd4 Rfd8 28. Rd6 Nc5 29. Bc6 Rac8 30. Red1 Kg7 31.
h3 Nb7 32. Rd7 Rxc6 33. Rxe7 Rxd1+ 34. Kh2 Rcc1 0-1

[Event "*** Titled Tuesday Blitz"]
[Site "Chess.com"]
[Date "2020.04.28"]
[Round "8"]
[White "vizumatv4hoda"]
[Black "YQPerez"]
[Result "0-1"]
[WhiteElo "2764"]
[BlackElo "2960"]
[TimeControl "180+1"]
[EndTime "11:35:02 PDT"]
[Termination "YQPerez won by checkmate"]

1. e4 e5 2. d4 exd4 3. Nf3 Nc6 4. c3 d5 5. Bd3 dxe4 6. Bxe4 Nf6 7. Bxc6+ bxc6 8. O-O Be7 9. Nxd4 c5 10. Qf3 Bg4 11. Qc6+ Bd7 12. Qf3 cxd4 13. cxd4 O-O 14. Nc3 h6 15.
Bf4 Bd6 16. Be5 Rb8 17. Rfe1 Rxb2 18. h3 Qa8 19. Qg3 Bxe5 20. dxe5 Nd5 21. Ne4 Bf5 22. Nf6+ Nxf6 23. exf6 Bg6 24. fxg7 Re8 25. Qxc7 Rxe1+ 26. Rxe1 Qb8 27. Qc3 Rb1 28. Rxb1 Qxb1+ 29. Kh2 Qxa2 30. Qe5 Qxf2 31. h4 Qxh4+ 32. Kg1 Qe4 33. Qb8+ Kxg7 34. Qxa7 Qe5 35. Qb6 h5 36. Qf2 Qg5 37. Qd4+ Kh7 38. Kh2 h4 39. Qa7 Qg3+ 40. Kh1 h3 41. Qg1 Qxg2+ 42. Qxg2 hxg2+ 43. Kxg2 Kh6 44. Kg3 Kg5 45. Kf3 f5 46. Kf2 f4 47. Kf3 Bh5+ 48.
Kf2 Kg4 49. Kg2 f3+ 50. Kf2 Kf4 51. Kg1 Kg3 52. Kh1 Bg6 53. Kg1 Be8 54. Kh1 Kf2 55. Kh2 Ke2 56. Kh1 f2 57. Kg2 f1=Q+ 58. Kh2 Qf8 59.
Kg2 Qg7+ 60. Kh2 Kf2 61. Kh1 Qg2# 0-1

[Event "*** Titled Tuesday Blitz"]
[Site "Chess.com"]
[Date "2020.04.28"]
[Round "8"]
[White "stoleriu"]
[Black "kuba2006"]
[Result "1-0"]
[WhiteElo "2553"]
[BlackElo "2411"]
[TimeControl "180+1"]
[EndTime "11:35:03 PDT"]
[Termination "stoleriu won on time"]

1. e4 e5 2. Nf3 Nc6 3. Bb5 a6 4. Ba4 Nge7 5. O-O g6 6. c3 Bg7 7. d4 exd4 8. cxd4 b5 9. Bc2 O-O 10. d5 Na5 11. Re1 d6 12. Nc3 c5 13. dxc6 Nexc6 14. Nd5 Bb7 15. Rb1 Nc4 16. b3 N4e5 17.
Be3 Rc8 18. Rc1 Nxf3+ 19. Qxf3 Ne5 20. Qd1 Kh8 21. h3 Rc6 22. f4 Nd7 23. Bd4 f6 24. a4 Nc5 25. axb5 axb5 26. b4 Ne6 27. Be3 f5 28. exf5 gxf5 29. Kh1 Qe8 30. Bb3 Rxc1 31. Qxc1 Qg6 32. Qd2 Rc8 33. Ne7 Qe8 34. Nxc8 Qxc8 35.
Bxe6 Qxe6 36. Bd4 Qg8 37. Bxg7+ Kxg7 38. Re7+ Kh8 39. Qd4+ 1-0

[Event "*** Titled Tuesday Blitz"]
[Site "Chess.com"]
[Date "2020.04.28"]
[Round "8"]
[White "ChessTraining77"]
[Black "mc4chess"]
[Result "1-0"]
[WhiteElo "2553"]
[BlackElo "2408"]
[TimeControl "180+1"]
[EndTime "11:35:03 PDT"]
[Termination "ChessTraining77 won by checkmate"]

1. e4 c5 2. Nf3 e6 3. d4 cxd4 4. Nxd4 a6 5. Nc3 Qc7 6. Bd3 Nf6 7. f4 d6 8. Qf3 g6 9. Be3 Bg7 10. O-O-O O-O 11. g4 Nc6 12. Nde2 b5 13. Ng3 Bb7 14. h4 b4 15. Nce2 b3 16. axb3 Qa5 17. Kb1 Nd7 18.
c3 Nc5 19. Bc2 Qc7 20. h5 a5 21. hxg6 hxg6 22. f5 Ne5 23. Qg2 Nxg4 24. Qh3 Nf6 25. Bh6 Ne8 26. Bxg7 Kxg7 27. Nh5+ gxh5 28. Rdg1+ Kf6 29.
Qh4+ Ke5 30. Qf4+ Kf6 31. Qg5+ Ke5 32. f6# 1-0

[Event "*** Titled Tuesday Blitz"]
[Site "Chess.com"]
[Date "2020.04.28"]
[Round "8"]
[White "TST2014"]
[Black "ChrisTool2"]
[Result "1-0"]
[WhiteElo "2597"]
[BlackElo "2368"]
[TimeControl "180+1"]
[EndTime "11:35:03 PDT"]
[Termination "TST2014 won by resignation"]

1. d4 Nf6 2. c4 e6 3. Nf3 d5 4. Nc3 Bb4 5. e3 O-O 6. Bd3 dxc4 7.
Bxc4 Nbd7 8. O-O c5 9. a3 Bxc3 10. bxc3 b6 11. Qe2 Bb7 12. Bd3 Qc7 13. e4 cxd4 14.
cxd4 h6 15. Bb2 Rac8 16. h3 Qf4 17. Rfe1 Rfd8 18. Bc1 Qc7 19. Bd2 Nh5 20. Qe3 Nhf6 21.
a4 a6 22. Reb1 Nf8 23. Rb2 Ng6 24. Rab1 Nd7 25. Ba5 Qc6 26. Bxb6 Nxb6 27. Rxb6 Qxa4 28.
Rxb7 Rc3 29. Qd2 Qa3 30. Bf1 e5 31. Rb8 Rxb8 32. Rxb8+ Kh7 33. Nxe5 Nxe5 34. dxe5 Rc1 35. Qd7 Qa1 36. Qf5+ 1-0

[Event "*** Titled Tuesday Blitz"]
[Site "Chess.com"]
[Date "2020.04.28"]
[Round "8"]
[White "Manukyan_Artak"]
[Black "blitzking1729"]
[Result "0-1"]
[WhiteElo "2397"]
[BlackElo "2558"]
[TimeControl "180+1"]
[EndTime "11:35:04 PDT"]
[Termination "blitzking1729 won by resignation"]

1. e4 d6 2. d4 Nf6 3. f3 c6 4. c4 Nbd7 5. Nc3 e5 6. d5 Be7 7.
Bd3 O-O 8. Nge2 cxd5 9. cxd5 Nc5 10. Be3 Nxd3+ 11. Qxd3 Bd7 12. O-O a6 13. a4 Nh5 14.
a5 f5 15. b4 f4 16. Bf2 Bh4 17. Na4 Bb5 18. Qd2 Bxf2+ 19. Rxf2 Bxa4 20. Rxa4 Qd7 21. Ra3 Rac8 22. Rc3 Qa4 23. Qb2 Qb5 24. Rf1 b6 25. axb6 Qxb6+ 26. Kh1 Rxc3 27. Nxc3 Rf6 28. Rf2 Ng3+ 29.
Kg1 Rh6 30. Na4 Qe3 31. Qd2 Rxh2 32. Kxh2 Nf1+ 33. Rxf1 Qxd2 34. Rb1 Qc2 35. Ra1 Qb3 36.
Nb6 Qxb4 37. Nd7 Qb7 38. Nb8 Qxb8 39. Rxa6 Kf7 0-1

[Event "*** Titled Tuesday Blitz"]
[Site "Chess.com"]
[Date "2020.04.28"]
[Round "8"]
[White "Kavyev_Ruslan"]
[Black "Chessterra87"]
[Result "1-0"]
[WhiteElo "2481"]
[BlackElo "2312"]
[TimeControl "180+1"]
[EndTime "11:35:04 PDT"]
[Termination "Kavyev_Ruslan won by resignation"]

1. d4 c5 2. d5 b5 3. e4 a6 4. Nf3 d6 5. a4 bxa4 6. Nc3 g6 7. Nd2 Bg7 8. Nc4 Nf6 9. Bd3 O-O 10. O-O Nbd7 11. f4 Rb8 12. h3 Rb4 13. Re1 Ne8 14.
Bd2 Nc7 15. Nxa4 Rb8 16. Nc3 Nb5 17. e5 Nb6 18. Nxb6 Qxb6 19. Nxb5 axb5 20. Bf1 c4+ 21. Kh1 Bb7 22. Bc3 Qc5 23. exd6 Bxc3 24. dxe7 Bxe1 25. exf8=Q+ Rxf8 26. Qxe1 Qxd5 27. Ra7 Bc6 28. Re7 h5 29.
Re5 Qd4 30. c3 Qd7 31. f5 Kg7 32. fxg6 Qxh3+ 33. Kg1 Qg4 34. gxf7 Rxf7 35. Qe3 Qd1 36. Rg5+ Kf8 37. Qc5+ Ke8 38. Qxc6+ Ke7 39. Re5+ Kf8 40. Qe8+ Kg7 41. Rg5+ Kf6 42. Rf5+ Kxf5 43. Qxf7+ Kg4 44. Qf2 h4 45. Qe2+ Qxe2 46. Bxe2+ Kg3 47. Bf3 1-0

[Event "*** Titled Tuesday Blitz"]
[Site "Chess.com"]
[Date "2020.04.28"]
[Round "8"]
[White "RianKapriaga"]
[Black "adiosabu"]
[Result "0-1"]
[WhiteElo "2203"]
[BlackElo "2407"]
[TimeControl "180+1"]
[EndTime "11:35:05 PDT"]
[Termination "adiosabu won by checkmate"]

1. d4 d5 2. Nf3 Nf6 3. Bf4 c5 4. e3 Nc6 5. Nbd2 cxd4 6. exd4 Bg4 7. Be2 e6 8. O-O Bd6 9. Bg3 O-O 10. c3 Bxg3 11.
hxg3 Qc7 12. Re1 Rfb8 13. a4 a6 14. Ne5 Nxe5 15. dxe5 Bxe2 16. Qxe2 Nd7 17. a5 b6 18. axb6 Rxb6 19. Nf3 Rab8 20. Ra2 Nc5 21. Rea1 h6 22. Qd2 Nb3 23. Qd1 Nxa1 24. Qxa1 g5 25. Qc1 Kg7 26.
Nxg5 hxg5 27. Qxg5+ Kf8 28. Ra4 Qe7 29. Qh6+ Ke8 30. b4 Rc6 31. Qh8+ Qf8 32. Qf6 Kd7 33. Ra5 Rxc3 34. f4 Rxb4 35. Rxa6 Rb1+ 36. Kh2 Rcc1 37. g4 Rh1+ 38. Kg3 Rb3+ 39. Kf2 Qc5+ 40. Ke2 Qe3# 0-1

[Event "*** Titled Tuesday Blitz"]
[Site "Chess.com"]
[Date "2020.04.28"]
[Round "8"]
[White "Mashenka97"]
[Black "I_Hit_18K_on_BS"]
[Result "1-0"]
[WhiteElo "2352"]
[BlackElo "2160"]
[TimeControl "180+1"]
[EndTime "11:35:06 PDT"]
[Termination "Mashenka97 won by checkmate"]

1. e4 c5 2. Nf3 d6 3. d4 cxd4 4. Nxd4 Nf6 5. Nc3 a6 6. Bg5 e6 7.
f4 h6 8. Bh4 Qb6 9. Qd2 Qxb2 10. Rb1 Qa3 11. Bc4 Be7 12. e5 dxe5 13. fxe5 Ne4 14. Nxe4 Bxh4+ 15. g3 Be7 16. O-O O-O 17. Nf6+ gxf6 18. exf6 Bc5 19. Qxh6 Bxd4+ 20. Kh1 Bxf6 21. Rxf6 Rd8 22. Rbf1 Qf8 23. Rg6+ fxg6 24. Rxf8+ Rxf8 25. Qxg6+ Kh8 26. Bd3 Rf1+ 27. Bxf1 Nd7 28. Bd3 Nf8 29. Qf6+ Kg8 30. h4 b5 31. h5 Ra7 32. h6 Rf7 33.
Qg5+ Kh8 34. Qe5+ Kg8 35. g4 Bb7+ 36. Kh2 Rf2+ 37. Kg3 Rg2+ 38. Kh3 Rf2 39. Qg7# 1-0

[Event "*** Titled Tuesday Blitz"]
[Site "Chess.com"]
[Date "2020.04.28"]
[Round "8"]
[White "semchik73"]
[Black "GMJustin"]
[Result "0-1"]
[WhiteElo "2221"]
[BlackElo "2401"]
[TimeControl "180+1"]
[EndTime "11:35:08 PDT"]
[Termination "GMJustin won by checkmate"]

1. Nf3 d5 2. c4 d4 3. e3 Nc6 4. b4 dxe3 5. fxe3 Nxb4 6. d4 e5 7.
a3 Nc6 8. Nc3 Bg4 9. d5 Bxf3 10.
Qxf3 Nb8 11. Bd3 Nd7 12. O-O Ngf6 13. Bb2 Be7 14. Ne4 O-O 15. Nxf6+ Bxf6 16. Qf5 g6 17. Qh3 Nc5 18. Bc2 Bg7 19. a4 e4 20.
Bxg7 Kxg7 21. Qg4 f5 22. Qf4 Qd6 23. Qf2 a5 24. Qd2 Qe5 25. Rab1 b6 26. Qd4 Qxd4 27.
exd4 Nd7 28. c5 bxc5 29. Rb7 Rfc8 30. d6 cxd4 31. dxc7 Nc5 32. Rb5 Rxc7 33. Rc1 Rac8 34.
Bd1 Nd3 35. Rcb1 Rc1 36. h3 Rxb1 37. Rxb1 Rc1 38. Rxc1 Nxc1 39. Kf2 Kf6 40. Ke1 Ke5 41. Kd2 Nd3 42. Be2 Nc5 43. Bb5 e3+ 44. Ke2 f4 45. h4 h6 46. Bc6 g5 47. h5 d3+ 48. Ke1 d2+ 49. Ke2 Nd3 50. Bf3 Nf2 51. Kf1 g4 52. Be2 Ke4 53. g3 f3 54. Bd1 Nxd1 55. Kg1 e2 56.
Kh2 f2 57. Kh1 f1=Q+ 58. Kh2 Qh3+ 59. Kg1 e1=R# 0-1

[Event "*** Titled Tuesday Blitz"]
[Site "Chess.com"]
[Date "2020.04.28"]
[Round "8"]
[White "Kate1606"]
[Black "Karina_Ivanova"]
[Result "1-0"]
[WhiteElo "2028"]
[BlackElo "2178"]
[TimeControl "180+1"]
[EndTime "11:35:08 PDT"]
[Termination "Kate1606 won by resignation"]

1. e4 c6 2. d4 d5 3. exd5 cxd5 4. Bd3 Nc6 5. c3 Nf6 6. Bf4 g6 7.
Nd2 Bg7 8. h3 O-O 9. Ngf3 Bf5 10. Bxf5 gxf5 11. O-O Ne4 12. Ne5 Rc8 13. f3 Nd6 14.
Qe1 e6 15. Qg3 Kh8 16. Nd3 Nc4 17. Nxc4 dxc4 18. Ne5 Nxe5 19. Bxe5 Rg8 20. Bxg7+ Rxg7 21. Qe5 Qc7 22. Rae1 Kg8 23. Qxc7 Rxc7 24. Re5 Kf8 25. Kf2 Ke7 26. Rfe1 Kd6 27. d5 Rg6 28. f4 Rf6 29. dxe6 fxe6 30. Rd1+ Ke7 31. Kf3 Rf8 32. g4 fxg4+ 33.
hxg4 Rd7 34. Rxd7+ Kxd7 35. Rc5 Rc8 36. Rxc8 Kxc8 37.
Ke4 Kc7 38. Ke5 Kd7 39. Kf6 Kd6 40. Kg7 e5 41. f5 e4 42. f6 e3 43. f7 1-0

[Event "*** Titled Tuesday Blitz"]
[Site "Chess.com"]
[Date "2020.04.28"]
[Round "8"]
[White "DerKnipser"]
[Black "HouseOfDurin"]
[Result "1-0"]
[WhiteElo "2294"]
[BlackElo "2039"]
[TimeControl "180+1"]
[EndTime "11:35:08 PDT"]
[Termination "DerKnipser won by resignation"]

1. e4 c5 2. d4 cxd4 3. c3 dxc3 4.
Nxc3 Nc6 5. Nf3 d6 6. Bc4 e6 7. Qe2 Be7 8. O-O Nf6 9. Rd1 Qa5 10. a3 a6 11. Be3 O-O 12. h3 Qh5 13. Bb6 Nd7 14. Bc7 b5 15. Ba2 Nde5 16. Bxd6 Nxf3+ 17. Qxf3 Qxf3 18. gxf3 Bxd6 19. Rxd6 Bb7 20. Rad1 Rfd8 21.
Kg2 Kf8 22. f4 Ke7 23. Rxd8 Rxd8 24. Rxd8 Kxd8 25. Kg3 b4 26. axb4 Nxb4 27. Bb1 h6 28. f3 Bc6 29. Kf2 Ke7 30. Ke3 Kd6 31. Kd4 a5 32.
Kc4 Na6 33. Nb5+ Kd7 34. Nd4 Bb7 35. Kb5 Nc7+ 36. Kxa5 f5 37. b4 g6 38. Kb6 Bc8 39. Bd3 Na8+ 40. Kc5 Nc7 41. b5 Bb7 42. b6 Na8 43. Bb5+ Ke7 44. Bc6 Bxc6 45. Kxc6 Nxb6 46. Kxb6 fxe4 47. fxe4 g5 48. fxg5 hxg5 49. e5 Kf7 50.
Kc6 Kg6 51. Kd6 Kh5 52. Kxe6 Kh4 53. Nf3+ Kxh3 54. Nxg5+ Kg4 55. Kf6 1-0

[Event "*** Titled Tuesday Blitz"]
[Site "Chess.com"]
[Date "2020.04.28"]
[Round "8"]
[White "Fy_Rakotomaharo"]
[Black "almo64"]
[Result "0-1"]
[WhiteElo "2659"]
[BlackElo "2835"]
[TimeControl "180+1"]
[EndTime "11:35:09 PDT"]
[Termination "almo64 won by resignation"]

1. e4 c5 2. Nf3 Nc6 3. Bb5 g6 4.
O-O Bg7 5. c3 Nf6 6. Re1 O-O 7.
a4 d5 8. e5 Ne8 9. d4 Bg4 10.
Bxc6 bxc6 11. Nbd2 c4 12. h3 Bf5 13. b3 Bd3 14. bxc4 dxc4 15. Ne4 Bxe4 16. Rxe4 Nc7 17. Rh4 f6 18. Bh6 Bxh6 19. Rxh6 Nd5 20. Qc2 Kg7 21.
Rh4 Qa5 22. Qd2 g5 23. Nxg5 fxg5 24. Qxg5+ Kf7 25. Qh5+ Ke6 26. Qg4+ Kf7 27. Rxh7+ Ke8 28. Qg6+ Kd8 29. Qxc6 Rc8 30. Qe6 Re8 31. Rb1 Nxc3 32. Rb7 Qd5 33. Qa6 Rg8 34. f3 Qxd4+ 35. Kh2 Qxe5+ 36.
Kh1 Qe1+ 0-1

[Event "*** Titled Tuesday Blitz"]
[Site "Chess.com"]
[Date "2020.04.28"]
[Round "8"]
[White "Embrujada"]
[Black "SoltaniciR"]
[Result "1-0"]
[WhiteElo "2469"]
[BlackElo "2576"]
[TimeControl "180+1"]
[EndTime "11:35:09 PDT"]
[Termination "Embrujada won by resignation"]

1. b3 b6 2. e4 Bb7 3. Nc3 g6 4. Bb2 Bg7 5. Qe2 c5 6. O-O-O Nc6 7. Nf3 a6 8. e5 Nh6 9. Ne4 O-O 10. d3 Nf5 11. h4 d5 12. Neg5 Qc7 13. h5 Ncd4 14. Qd2 Nxf3 15. gxf3 Bxe5 16. Bxe5 Qxe5 17. Kb1 h6 18.
hxg6 fxg6 19. Re1 Qf6 20. Ne6 Rf7 21. Bh3 Nd4 22. Nxd4 cxd4 23. Be6 h5 24. Qh6 Qg7 25. Bxf7+ Kxf7 26. Rxe7+ 1-0

[Event "*** Titled Tuesday Blitz"]
[Site "Chess.com"]
[Date "2020.04.28"]
[Round "8"]
[White "Marty435"]
[Black "jlandaw"]
[Result "1-0"]
[WhiteElo "2534"]
[BlackElo "2390"]
[TimeControl "180+1"]
[EndTime "11:35:09 PDT"]
[Termination "Marty435 won on time"]

1. e4 e5 2. Nf3 Nc6 3. Bb5 a6 4.
Ba4 Nf6 5. d3 b5 6. Bb3 Be7 7. O-O d6 8. c3 O-O 9. Re1 Na5 10. Bc2 c5 11. Nbd2 Qc7 12. Nf1 Re8 13.
Ng3 h6 14. h3 Bf8 15. b3 d5 16.
Bd2 Nc6 17. exd5 Nxd5 18. d4 Bb7 19. dxe5 Nxe5 20. Nxe5 Rxe5 21. Qg4 Nf6 22. Qf4 Qc6 23.
f3 Rg5 24. Qh4 Rd5 25. Ne4 Be7 26. Nxf6+ Bxf6 27. Qe4 g6 28. Bxh6 Bxc3 29. Qh4 Rh5 30. Qf4 Bxa1 31. Rxa1 Re8 32. Rd1 1-0

[Event "*** Titled Tuesday Blitz"]
[Site "Chess.com"]
[Date "2020.04.28"]
[Round "8"]
[White "powermove"]
[Black "IlzeBerzina"]
[Result "0-1"]
[WhiteElo "1640"]
[BlackElo "2142"]
[TimeControl "180+1"]
[EndTime "11:35:10 PDT"]
[Termination "IlzeBerzina won by resignation"]

1. e4 c6 2. d4 d5 3. Nc3 dxe4 4. Nxe4 Nd7 5. Nf3 Ngf6 6. Neg5 e6 7. Bd3 Bd6 8. Qe2 h6 9. Nh3 O-O 10. Bd2 c5 11.
dxc5 Nxc5 12. Bc4 a6 13. Nf4 b5 14. Bb3 Bb7 15. O-O Qc7 16. Nd3 Nxb3 17. cxb3 Bxf3 18. Qxf3 Bxh2+ 19. Kh1 Bd6 20. Rac1 Qe7 21. Qh3 Ne4 22. Be3 Qf6 23. Rc6 a5 24. f3 Ng3+ 25. Kg1 Nxf1 26.
Kxf1 Be5 27. Rc2 Rfd8 28. Nf2 Bf4 29. Ne4 Qe5 30. Bf2 Rd1+ 31. Be1 Rad8 32. Ke2 Qd5 33. Nc5 Rxe1+ 0-1

[Event "*** Titled Tuesday Blitz"]
[Site "Chess.com"]
[Date "2020.04.28"]
[Round "8"]
[White "Ekka83"]
[Black "mshuaau0"]
[Result "1-0"]
[WhiteElo "2392"]
[BlackElo "2135"]
[TimeControl "180+1"]
[EndTime "11:35:11 PDT"]
[Termination "Ekka83 won on time"]

1. e4 e5 2. Nf3 Nc6 3. d4 exd4 4. Nxd4 Nf6 5. Nxc6 bxc6 6. e5 Qe7 7. Qe2 Nd5 8.
c4 Nb6 9. g3 Ba6 10. b3 d5 11.
exd6 Qxe2+ 12. Bxe2 cxd6 13. O-O d5 14. cxd5 Bxe2 15.
Re1 cxd5 16. Rxe2+ Kd7 17. Bb2 f6 18. Nc3 Bb4 19. Rd1 Bxc3 20. Bxc3 Rhe8 21. Red2 Kc6 22. Bd4 Rad8 23. a4 Re4 24. f3 Re7 25. Rc2+ Kb7 26.
a5 Nd7 27. Kf2 Ne5 28. Bc5 Rc7 29. f4 Nd7 30. Rxd5 Nxc5 31. Rcxc5 Rxc5 32. Rxd8 Rc2+ 33. Kf3 Rxh2 34. Rd7+ Ka6 35. Rxg7 h5 36. Rf7 h4 37.
g4 Rh3+ 38. Kf2 Rxb3 39. Rxf6+ Kxa5 40. g5 Kb5 41. g6 Rg3 42. Rf5+ Kc6 43. Rg5 1-0

[Event "*** Titled Tuesday Blitz"]
[Site "Chess.com"]
[Date "2020.04.28"]
[Round "8"]
[White "MilanJeremic"]
[Black "KarstenHansch"]
[Result "0-1"]
[WhiteElo "2238"]
[BlackElo "2432"]
[TimeControl "180+1"]
[EndTime "11:35:11 PDT"]
[Termination "KarstenHansch won by resignation"]

1. d4 Nf6 2. Nf3 e6 3. g3 d5 4. Bg2 Be7 5. O-O O-O 6. b3 b6 7. Bb2 Bb7 8. c4 c6 9. Nc3 Nbd7 10. Re1 Qc7 11. Rc1 Rac8 12. h4 Rfd8 13. cxd5 exd5 14. Bh3 c5 15. dxc5 Bxc5 16. b4 Qxg3+ 17.
Bg2 Bxf2+ 18. Kh1 Bxe1 19. Qxe1 Qxe1+ 20. Rxe1 Ne4 21. Nb5 Rc2 22. Bd4 Ba6 23. a4 Bxb5 24. axb5 Rxe2 25. Ra1 Rc8 26. Bh3 Rc7 27. Rg1 g6 28. h5 Rec2 29. hxg6 hxg6 30. Be3 R2c3 31. Re1 Ndf6 32. Bg2 Ng4 33. Bd4 Rc1 34. Bb2 Rxe1+ 35. Nxe1 Rc4 36. Bf3 Ngf2+ 37. Kg2 Rxb4 38. Be5 Rb1 39.
Nc2 Nd3 40. Bxe4 dxe4 41. Ne3 Nxe5 0-1

[Event "*** Titled Tuesday Blitz"]
[Site "Chess.com"]
[Date "2020.04.28"]
[Round "8"]
[White "Evgeny81"]
[Black "GelmanAlexander"]
[Result "1-0"]
[WhiteElo "2706"]
[BlackElo "2535"]
[TimeControl "180+1"]
[EndTime "11:35:12 PDT"]
[Termination "Evgeny81 won by resignation"]

1. d4 Nf6 2. c4 c5 3. d5 b5 4.
cxb5 a6 5. e3 e6 6. dxe6 fxe6 7.
Nc3 Bb7 8. Nf3 Be7 9. Be2 O-O 10. O-O d5 11. b3 axb5 12. Bxb5 Bd6 13. Bb2 Qe7 14. Bd3 Nc6 15. e4 Ne5 16. exd5 exd5 17. Re1 Rae8 18. Nxe5 Bxe5 19. Nxd5 Bxh2+ 20. Kxh2 Qd6+ 21.
Kg1 Qxd5 22. Bf1 Qg5 23. Rxe8 Rxe8 24. Qc1 Qh5 25. Bxf6 gxf6 26. Qf4 Qg5 27. Qxg5+ fxg5 28. Rc1 Rc8 29. Rd1 Rc7 30. f3 Kg7 31. Rd6 Bc8 32. Bc4 Bf5 33. a4 Bc2 34. a5 Ra7 35. a6 Bf5 36.
Rc6 Bd7 37. Rxc5 1-0

[Event "*** Titled Tuesday Blitz"]
[Site "Chess.com"]
[Date "2020.04.28"]
[Round "8"]
[White "InitiatingASC"]
[Black "floplover"]
[Result "0-1"]
[WhiteElo "2386"]
[BlackElo "2244"]
[TimeControl "180+1"]
[EndTime "11:35:12 PDT"]
[Termination "floplover won by resignation"]

1. d4 Nf6 2. c4 e6 3. Nc3 Bb4 4. e3 c5 5. Bd3 O-O 6. Ne2 d5 7. O-O cxd4 8. exd4 dxc4 9. Bxc4 b6 10. a3 Bd6 11. Bg5 Bb7 12. d5 exd5 13. Nxd5 Nbd7 14. Nxf6+ Nxf6 15. Ng3 h6 16. Bd2 Rc8 17. Be2 Be5 18. Bb4 Re8 19. Rb1 Qxd1 20. Bxd1 a5 21.
Bd2 Red8 22. Be3 Nd5 23. Bd2 Bf4 24. Bxf4 Nxf4 25. b4 Bxg2 26. Re1 Rd2 27. Bg4 Rcd8 28. bxa5 bxa5 29. Nf5 g6 30. Ne3 Be4 31. Rb5 h5 32. Rxa5 hxg4 33. Nxg4 Nh3+ 34. Kf1 Bf3 35. Nf6+ Kg7 36.
Ne8+ Kf8 0-1

[Event "*** Titled Tuesday Blitz"]
[Site "Chess.com"]
[Date "2020.04.28"]
[Round "8"]
[White "Belka1989"]
[Black "BelaKis"]
[Result "0-1"]
[WhiteElo "2231"]
[BlackElo "2064"]
[TimeControl "180+1"]
[EndTime "11:35:12 PDT"]
[Termination "BelaKis won on time"]

1. d4 Nf6 2. Nf3 g6 3. Bf4 Bg7 4. e3 O-O 5. Be2 d6 6. O-O Nbd7 7. c3 a6 8. h3 c5 9. a4 b6 10. Nbd2 Bb7 11. Re1 Ne4 12. Qb3 Qc7 13. Bh2 h6 14. Nxe4 Bxe4 15. Nd2 Bb7 16. Bf3 Bxf3 17. Nxf3 c4 18.
Qc2 b5 19. Nd2 Nb6 20. a5 Nd7 21. e4 e5 22. Nf3 Rad8 23. Qe2 Nb8 24. dxe5 dxe5 25.
Red1 Nc6 26. Rd5 Ne7 27. Bxe5 Bxe5 28. Rxe5 Rd3 29. Rd1 Rfd8 30. Rxd3 cxd3 31. Qe3 Kg7 32. Qf4 Nc6 0-1

[Event "*** Titled Tuesday Blitz"]
[Site "Chess.com"]
[Date "2020.04.28"]
[Round "8"]
[White "AquivaRubinstein"]
[Black "DenishevM"]
[Result "0-1"]
[WhiteElo "2426"]
[BlackElo "2564"]
[TimeControl "180+1"]
[EndTime "11:35:14 PDT"]
[Termination "DenishevM won by resignation"]

1. d4 d5 2. c4 c6 3. Nf3 Nf6 4. Nc3 e6 5. Bg5 Nbd7 6. Qc2 h6 7. Bh4 Bd6 8. O-O-O dxc4 9. e4 Be7 10. Bxc4 b5 11. Bd3 Bb7 12. Kb1 Nb6 13. d5 exd5 14. exd5 Nfxd5 15. Bxe7 Nxe7 16. Bxb5 Qc7 17. Bd3 O-O 18. Rhe1 Rad8 19. Ne5 Ned5 20. Nxd5 Nxd5 21. a3 Rfe8 22. Nf3 Qb6 23. g3 Ba6 24. Bxa6 Qxa6 25. Ne5 Qb6 26. Qxc6 Qxf2 27. Rf1 Qg2 28. Nxf7 Rb8 29. Qc2 Qxc2+ 30. Kxc2 Ne3+ 31. Kd2 Nxf1+ 32. Rxf1 Rf8 33. Rf3 Rxf7 34. Rd3 0-1

[Event "*** Titled Tuesday Blitz"]
[Site "Chess.com"]
[Date "2020.04.28"]
[Round "8"]
[White "Larina_Marija"]
[Black "DrVitman"]
[Result "1-0"]
[WhiteElo "2177"]
[BlackElo "2498"]
[TimeControl "180+1"]
[EndTime "11:35:14 PDT"]
[Termination "Larina_Marija won on time"]

1. e4 c5 2. Nc3 Nc6 3. g3 g6 4.
Bg2 Bg7 5. d3 e6 6. Be3 d6 7.
Qd2 h5 8. Nge2 Nf6 9. h3 Qe7 10. d4 cxd4 11. Nxd4 Ne5 12. Qe2 a6 13. f4 Ned7 14.
O-O-O O-O 15. g4 e5 16. g5 exd4 17. gxf6 Nxf6 18. Bxd4 Be6 19. f5 Bd7 20. Rhg1 Bc6 21. Bh1 gxf5 22. Rxg7+ Kxg7 23. Qxh5 Rg8 24. Qxf5 Kf8 25.
Bxf6 Qe6 26. Qf4 1-0

[Event "*** Titled Tuesday Blitz"]
[Site "Chess.com"]
[Date "2020.04.28"]
[Round "8"]
[White "Sanyura"]
[Black "gmgamil"]
[Result "0-1"]
[WhiteElo "2507"]
[BlackElo "2701"]
[TimeControl "180+1"]
[EndTime "11:35:15 PDT"]
[Termination "gmgamil won by resignation"]

1. e4 e5 2. Nf3 d6 3. d4 Qe7 4. Bc4 h6 5. O-O Nf6 6. a4 a5 7. b3 c6 8. dxe5 dxe5 9. Ba3 Qc7 10. Bxf8 Rxf8 11. Nh4 Bg4 12. Qd2 Nbd7 13. Nf5 Bxf5 14. exf5 O-O-O 15. Qe3 e4 16. Nc3 Qe5 17. h3 Qxf5 18.
b4 axb4 19. Nb5 Qc5 20. Qg3 Ne5 21. c3 b3 22. Bxb3 cxb5 23. axb5 g5 24. Rfb1 Rd3 25.
Ra8+ Kd7 26. Rxf8 Rxg3 27. Ra8 Rxc3 28. b6 Rc1+ 29. Rxc1 Qxc1+ 30. Kh2 Nd3 31. Ba4+ Ke7 32. Rb8 0-1

[Event "*** Titled Tuesday Blitz"]
[Site "Chess.com"]
[Date "2020.04.28"]
[Round "8"]
[White "freshfoodcompany"]
[Black "ErikRonka"]
[Result "1-0"]
[WhiteElo "2232"]
[BlackElo "2404"]
[TimeControl "180+1"]
[EndTime "11:35:15 PDT"]
[Termination "freshfoodcompany won by resignation"]

1. d4 Nf6 2. c4 g6 3. Nc3 Bg7 4. e4 d6 5. Nf3 O-O 6. Be2 e5 7. d5 a5 8. Bg5 h6 9. Bh4 Na6 10. Nd2 Qe8 11. a3 Bd7 12. b3 Nh7 13. Rb1 Nc5 14.
f3 h5 15. Bf2 Bh6 16. b4 axb4 17. axb4 Na4 18. Qc2 Nxc3 19. Qxc3 Ra2 20. Be3 Bxe3 21. Qxe3 f5 22. Qb3 Qa8 23. c5 Ng5 24. c6 bxc6 25.
dxc6+ Be6 26. Bc4 Bxc4 27. Nxc4 Kg7 28. exf5 Qa7 29. Qe3 Qxe3+ 30. Nxe3 gxf5 31. O-O f4 32.
Nd5 Ne6 33. Ra1 Rfa8 34. Rxa2 Rxa2 35. Rb1 Nd4 36. b5 Ne6 37. b6 cxb6 38. Rc1 Nc5 39. c7 Ra8 40. Nxb6 Ra7 41. c8=Q 1-0

[Event "*** Titled Tuesday Blitz"]
[Site "Chess.com"]
[Date "2020.04.28"]
[Round "8"]
[White "davigator"]
[Black "Mazanchenko_Dmitry"]
[Result "1-0"]
[WhiteElo "2392"]
[BlackElo "2144"]
[TimeControl "180+1"]
[EndTime "11:35:15 PDT"]
[Termination "davigator won on time"]

1. e4 c5 2. Nf3 d6 3. d4 Nf6 4.
Nc3 cxd4 5. Nxd4 Nc6 6. Bg5 Qb6 7. Nb3 Ng4 8. Qd2 h6 9. Bh4 g5 10. Bg3 Bg7 11. h3 Nge5 12. Nd5 Qd8 13. O-O-O f5 14.
f4 gxf4 15. Qxf4 h5 16. Kb1 h4 17. Bh2 e6 18. Ne3 fxe4 19. Qxe4 d5 20. Qf4 Rf8 21. Qa4 Bd7 22. Be2 Qb6 23. Ng4 Nb4 24. Qa3 Nxg4 25. Bxg4 O-O-O 26. c3 Na6 27. Rhf1 Rxf1 28. Rxf1 d4 29. Qe7 Qb5 30. Rd1 Bf8 31. Qf6 dxc3 32. Qxc3+ Bc6 33. Bxe6+ 1-0